 Dungeon Crawl Stone Soup version 0.23-a0-805-gc1268f8 (webtiles) character file.

77 Mgcat the Skirmisher (level 4, -3/45 HPs)
             Began as a Hill Orc Fighter on Jan 16, 2019.
             Was an Initiate of Beogh.
             Slain by an orc warrior
             ... wielding a +0 war axe
              (7 damage)
             ... on level 2 of the Dungeon on Jan 20, 2019.
             The game lasted 00:03:44 (1451 turns).

Mgcat the Skirmisher (Hill Orc Fighter)             Turns: 1451, Time: 00:03:44

Health: -3/45      AC: 22    Str: 17 (19) XL:     4   Next: 58%
Magic:  4/4        EV:  2    Int:  7 (8)  God:    Beogh [......]
Gold:   50         SH:  8    Dex:  7 (10) Spells: 3/3 levels left

rFire    . . .     SeeInvis .   a - +0 war axe
rCold    . . .     Gourm    .   c - +0 shield
rNeg     + + +     Faith    .   (armour currently unavailable)
rPois    +         Spirit   .   (helmet currently unavailable)
rElec    .         Reflect  .   (cloak currently unavailable)
rCorr    .         Harm     .   (gloves currently unavailable)
MR       .....     NoTele   +   (boots currently unavailable)
Stlth    +.........             m - amulet of the acrobat
HPRegen  0.15/turn              (no ring)
MPRegen  0.09/turn              (no ring)

@: tree-form (expiring)
A: frail 1, wild magic 1
a: Renounce Religion


You were on level 2 of the Dungeon.
You worshipped Beogh.
Beogh was noncommittal.
You were not hungry.
You were a tree.
You visited 1 branch of the dungeon, and saw 2 of its levels.

You collected 50 gold pieces.

Inventory:

Hand Weapons
 a - a +0 war axe (weapon)
Armour
 b - a +0 scale mail (melded)
 c - a +0 shield (worn)
 k - a +0 pair of boots (melded)
   (You found it on level 1 of the Dungeon)
Jewellery
 m - an amulet of the acrobat (around neck)
   (You found it on level 1 of the Dungeon)
Scrolls
 d - a scroll of fog {unknown}
 h - 3 scrolls of remove curse {unknown}
 j - 3 scrolls of identify {unknown}
Comestibles
 f - 4 rations
 g - 10 chunks of flesh {@w0}


   Skills:
 + Level 4.3 Fighting
 + Level 3.8 Axes
 + Level 3.9 Armour
 + Level 3.9 Shields


You had 3 spell levels left.
You didn't know any spells.
Your spell library was empty.

Dungeon Overview and Level Annotations

Branches:
Dungeon (2/15)

Altars:
Qazlal


Innate Abilities, Weirdness & Mutations

You are frail. (-10% HP)
Your spells are a little harder to cast, but a little more powerful.


Message History

The giant cockroach is moderately wounded.
The giant cockroach bites you but does no damage. x2
Warning x2: The orc priest can smite you!
The orc warrior can hit for high damage!
You hit the giant cockroach.
You kill the giant cockroach!
Beogh accepts your kill.
The orc warrior hits you but does no damage.
Warning x2: The orc priest can smite you!
The orc warrior can hit for high damage!
You hit the orc warrior but do no damage.
The orc warrior hits you with a +0 war axe.
You take 1 damage, and have 38/45 hp.
Warning x2: The orc priest can smite you!
The orc warrior can hit for high damage!
You barely miss the orc warrior. You block the orc warrior's attack.
Warning x2: The orc priest can smite you!
The orc warrior can hit for high damage!
You closely miss the orc warrior.
The orc warrior hits you but does no damage.
Warning x2: The orc priest can smite you!
The orc warrior can hit for high damage!
You slash the orc warrior!
The orc warrior is moderately wounded.
The orc warrior hits you but does no damage.
Warning x2: The orc priest can smite you!
The orc warrior can hit for high damage!
You hit the orc warrior.
The orc warrior is heavily wounded.
The orc warrior hits you with a +0 war axe!
You take 8 damage, and have 30/45 hp.
Warning x2: The orc priest can smite you!
The orc warrior can hit for high damage!
You hit the orc warrior.
The orc warrior is heavily wounded.
You block the orc warrior's attack.
Warning x2: The orc priest can smite you!
The orc warrior can hit for high damage!
You barely miss the orc warrior.
The orc warrior is heavily wounded.
The orc warrior hits you with a +0 war axe!
The orc warrior hits you but does no damage.
You take 8 damage, and have 23/45 hp.
Warning x2: The orc priest can smite you!
The orc warrior can hit for high damage!
You hit the orc warrior.
The orc warrior is heavily wounded.
The orc warrior hits you but does no damage.
Warning x2: The orc priest can smite you!
The orc warrior can hit for high damage!
You closely miss the orc warrior.
The orc warrior is heavily wounded.
You block the orc warrior's attack.
Warning x2: The orc priest can smite you!
The orc warrior can hit for high damage!
You barely miss the orc warrior.
The orc warrior is heavily wounded.
You block the orc warrior's attack.
Warning x2: The orc priest can smite you!
The orc warrior can hit for high damage!
You hit the orc warrior but do no damage.
The orc warrior is heavily wounded.
The orc priest calls down the wrath of Beogh upon you.
Beogh smites you!
* * * LOW HITPOINT WARNING * * *
You block the orc warrior's attack.
You take 12 damage, and have 11/45 hp.
MASSIVE DAMAGE!!
Warning x2: The orc priest can smite you!
The orc warrior can hit for high damage!
You completely miss the orc warrior.
The orc warrior is heavily wounded.
The orc warrior hits you but does no damage.
Warning x2: The orc priest can smite you!
The orc warrior can hit for high damage!
It was a potion of degeneration.
There was something very wrong with that liquid.
You feel weakened.
You feel dopey.
You feel clumsy. You block the orc warrior's attack.
Warning x2: The orc priest can smite you!
The orc warrior can hit for high damage!
You hit the orc warrior.
The orc warrior is severely wounded.
The orc warrior hits you but does no damage.
Warning x2: The orc priest can smite you!
The orc warrior can hit for high damage!
You barely miss the orc warrior.
The orc warrior is severely wounded.
Your transformation is almost over.
The orc warrior hits you with a +0 war axe.
* * * LOW HITPOINT WARNING * * *
You take 3 damage, and have 8/45 hp.
Warning x2: The orc priest can smite you!
The orc warrior can hit for high damage!
Unknown command.
Warning x2: The orc priest can smite you!
The orc warrior can hit for high damage!
Unknown command.
Warning x2: The orc priest can smite you!
The orc warrior can hit for high damage!
Unknown command.
Warning x2: The orc priest can smite you!
The orc warrior can hit for high damage!
You closely miss the orc warrior.
The orc warrior is severely wounded.
The orc warrior hits you with a +0 war axe.
* * * LOW HITPOINT WARNING * * *
The orc warrior hits you with a +0 war axe.
* * * LOW HITPOINT WARNING * * *
You take 4 damage, and have 4/45 hp.
Warning x2: The orc priest can smite you!
The orc warrior can hit for high damage!
You aren't carrying any items that you can evoke.
Warning x2: The orc priest can smite you!
The orc warrior can hit for high damage!
Unknown command.
Warning x2: The orc priest can smite you!
The orc warrior can hit for high damage!
Warning x2: The orc priest can smite you!
The orc warrior can hit for high damage!
You slash the orc warrior!
The orc warrior is almost dead.
The orc warrior hits you with a +0 war axe!
You die...
Beogh appreciates the orc warrior's killing of a heretic priest.

##.# ........#.##..##.. #
#.# ........#.##.#... # #.#
........#.##.#.# #.#
.......[..#....# #.##
#####..........# #..##
#.##...#...## # ##..#
#.##..)..#..#..# ##.#
#.#...##.(o....# #.#
#♣#...##.#........ #.##
##o#(..##.#......#. #..#
##.o...o...........# ##.#
##.......≈≈...≈....># #.#
#..#..(..≈≈≈....≈....
#.###.##÷...§##§#≈#....##
####.##..##.....§≈≈≈§#.≈..#
#..)÷.....#.....#§.>≈# ≈..
#..(......#.....≈≈_8§# ..


You could see an orc warrior and an orc priest.

Vanquished Creatures
  2 adders (D:2)
  3 dart slugs
  3 leopard geckos
  A ball python (D:1)
  2 giant cockroaches (D:2)
  9 goblins
  7 hobgoblins
  2 jackals (D:1)
  7 bats
  A frilled lizard (D:1)
  3 kobolds (D:1)
  7 rats
47 creatures vanquished.

Vanquished Creatures (others)
  An orc priest (D:2)
  A bat (D:2)
  A rat (D:2)
3 creatures vanquished.

Grand Total: 50 creatures vanquished

Notes
Turn   | Place    | Note
-------+----------+-------------------------------------------
     0 | D:1      | Mgcat the Hill Orc Fighter began the quest for the Orb.
     0 | D:1      | Reached XP level 1. HP: 19/19 MP: 1/1
   105 | D:1      | Reached XP level 2. HP: 26/27 MP: 2/2
   112 | D:1      | Reached skill level 3 in Axes
   283 | D:1      | Reached skill level 4 in Fighting
   326 | D:1      | Reached XP level 3. HP: 33/33 MP: 3/3
   974 | D:1      | Upgraded the game from 0.23-a0-726-g9fa1570 to
                  | 0.23-a0-805-gc1268f8
  1039 | D:2      | Reached XP level 4. HP: 23/33 MP: 4/4
  1177 | D:2      | Became a worshipper of Beogh the Brigand
  1372 | D:2      | Found a stormy altar of Qazlal.
  1395 | D:2      | Noticed an orc warrior
  1430 | D:2      | Gained mutation: You are dopey. (Int -2) [potion of
                  | mutation]
  1430 | D:2      | Gained mutation: You are frail. (-10% HP) [potion of
                  | mutation]
  1430 | D:2      | Lost mutation: You are dopey. (Int -2) [potion of mutation]
  1430 | D:2      | Gained mutation: Your spells are a little harder to cast,
                  | but a little more powerful. [potion of mutation]
  1445 | D:2      | HP: 11/45 [orc priest/divine providence (13)]
  1450 | D:2      | HP: 7/45 [orc warrior/+0 war axe (2)]
  1451 | D:2      | Slain by an orc warrior

Vault maps used:
D:1:      tarquinn_simple_flora_water_c
D:2:      nicolae_qazlal_general_emergency

Skill      XL: |  1  2 |
---------------+-------+-----
Axes           | 3 |  3.8
Fighting       | 4 |  4.3
Armour         | |  3.9
Shields        | |  3.9

Action                   |  1- 3 |  4- 6 || total
-------------------------+-------+-------++-------
Melee: War axe           |   119 |    40 ||   159
Invok: Convert to Beogh  |       |     1 ||     1
  Use: Potion            |     1 |     4 ||     5
  Eat: Chunk             |     1 |     1 ||     2
Armor: Scale mail        |    57 |     9 ||    66
       Skin              |       |     9 ||     9
Dodge: Dodged            |    38 |    26 ||    64
Block: Shield            |    69 |    28 ||    97

Table legend:
 A = Non-vault XP
 B = Vault XP
 C = Vault XP percentage of total XP
 D = Non-vault monster count
 E = Vault monster count
 F = Vault count percentage of total count
                 A         B        C        D         E       F
            +---------+---------+-------+---------+---------+-------
      Total |     110 |       0 |   0.0 |      47 |       0 |   0.0
            +---------+---------+-------+---------+---------+-------
        D:1 |      63 |       0 |   0.0 |      35 |       0 |   0.0
        D:2 |      47 |       0 |   0.0 |      12 |       0 |   0.0
            +---------+---------+-------+---------+---------+-------

Vault maps used:
D:1:      tarquinn_simple_flora_water_c
D:2:      nicolae_qazlal_general_emergency

Table legend:
 A = Turns spent in this place as a percentage of turns spent in the entire game.
 B = Non-inter-level travel turns spent in this place as a percentage of non-inter-level travel turns spent in the entire game.
 C = Inter-level travel turns spent in this place as a percentage of turns spent in this place.
 D = Turns resting spent in this place as a percentage of non-inter-level travel turns spent in this place.
 E = Turns spent auto-exploring this place as a percentage of non-inter-level travel turns spent in this place.
 F = Non-inter-level travel turns spent in this place divided by the number of levels of this place that you've seen.
                   A       B       C       D       E      F
               +-------+-------+-------+-------+-------+----------------------
         Total | 100.0 | 100.0 |   1.4 |   0.3 |  75.0 | 715.0
       Dungeon | 100.0 | 100.0 |   1.4 |   0.3 |  75.0 | 715.0
               +-------+-------+-------+-------+-------+----------------------

Table legend:
 A = Kills in this place as a percentage of kills in entire the game.
 B = Kills by you in this place as a percentage of kills by you in the entire game.
 C = Kills by friends in this place as a percentage of kills by friends in the entire game.
 D = Other kills in this place as a percentage of other kills in the entire game.
 E = Experience gained in this place as a percentage of experience gained in the entire game.
 F = Experience gained in this place divided by the number of levels of this place that you have seen.
                   A       B       C       D       E      F
               +-------+-------+-------+-------+-------+----------------------
         Total | 100.0 | 100.0 |   N/A |   N/A | 100.0 |  55.0
       Dungeon | 100.0 | 100.0 |   N/A |   N/A | 100.0 |  55.0
               +-------+-------+-------+-------+-------+----------------------
